Map: Malwarfare

Players

skif

  • Race: Protoss Protoss
  • Spawn Location: 7:00

Takker

  • Race: Terran Terran
  • Spawn Location: 7:00

VOD

Have the link to the VOD?

Description

Time

  • Played on: May 17, 2019, 10:39 a.m.
  • Length: 27:22
Show
View Real Time Build Order
Export as new Build Order

skif Protoss 

Build Orders:  

Get SALT Encoding   

  12  2:16  Xel'Naga Passageway  
  12  2:26  Xel'Naga Passageway  
  12  3:31  Xel'Naga Ambusher  
  12  3:37  Xel'Naga Ambusher  
  16  4:13  Xel'Naga Ambusher  
  18  4:55  Xel'Naga Ambusher  
  20  5:23  Xel'Naga Ambusher  
  22  5:46  Xel'Naga Ambusher  
  24  6:28  Xel'Naga Ambusher  
  22  7:03  Core Forge  
  16  7:45  Xel'Naga Ambusher  
  16  7:49  Xel'Naga Ambusher  
  16  9:26  Telbrus Legion  
  12  11:23  Xel'Naga Ambusher  
  12  11:27  Xel'Naga Ambusher  
  16  12:05  Xel'Naga Ambusher  
  16  12:09  Xel'Naga Shieldguard  
  20  12:46  Xel'Naga Shieldguard  
  22  13:08  Xel'Naga Ambusher  
  24  13:23  Xel'Naga Shieldguard  
  26  13:50  Xel'Naga Shieldguard  
  22  14:00  Xel'Naga Shieldguard  
  24  14:56  Xel'Naga Ambusher  
  26  15:38  Xel'Naga Ambusher  
  24  16:20  Xel'Naga Ambusher  
  26  17:10  Xel'Naga Ambusher  
  28  17:52  Xel'Naga Ambusher  
  30  18:22  Xel'Naga Ambusher  
  32  19:04  Xel'Naga Ambusher  
  34  19:46  Xel'Naga Ambusher  
  16  21:21  Telbrus Legion  
  16  22:06  Xel'Naga Ambusher  
  18  22:10  Xel'Naga Shieldguard  
  20  22:48  Xel'Naga Ambusher  
  16  23:30  Xel'Naga Ambusher  
  18  24:12  Xel'Naga Shieldguard  
  20  24:49  Xel'Naga Shieldguard  
Show
View Real Time Build Order
Export as new Build Order

Takker Terran 

Build Orders:  

Get SALT Encoding   

  12  0:06  SCV  
  13  0:51  SCV  
  14  1:08  SCV  
  15  1:13  Supply Depot  
  15  1:34  Refinery  
  15  1:45  Supply Depot  
  15  1:57  SCV  
  16  2:14  SCV  
  16  2:16  Refinery  
  16  2:17  Supply Depot  
  17  2:31  SCV  
  17  2:35  Barracks  
  18  2:48  SCV  
  19  3:05  SCV  
  20  3:11  Barracks  
  20  3:22  SCV  
  21  3:34  Marine  
  21  3:39  SCV  
  23  3:46  Marine  
  23  3:49  Marine  
  24  3:56  SCV  
  24  3:59  Marine  
  27  4:02  Marine  
  28  4:11  Marine  
  28  4:13  SCV  
  30  4:30  SCV  
  30  4:38  Supply Depot  
  31  4:47  SCV  
  32  4:50  Marine  
  32  4:51  Marine  
  34  5:02  Marine  
  34  5:03  Marine  
  34  5:04  SCV  
  37  5:15  Marine  
  37  5:16  Marine  
  39  5:21  SCV  
  40  5:38  SCV  
  41  5:55  SCV  
  42  6:07  Marine  
  38  6:12  SCV, Barracks Tech Lab  
  39  6:20  Marine  
  39  6:27  Engineering Bay  
  39  6:28  SCV  
  37  6:45  SCV  
  38  6:53  Unknown  
  38  7:02  SCV  
  35  7:34  Factory, Marine  
  36  7:40  Barracks Tech Lab  
  36  7:47  Marauder  
  38  8:02  Marauder  
  40  8:17  Firebat  
  42  8:29  Marine  
  42  8:32  Marauder  
  42  8:37  Factory  
  45  8:42  Marauder  
  47  9:04  Marine  
  46  9:13  Marauder  
  47  10:03  Supply Depot  
  47  10:13  Marine  
  47  10:22  Vulture  
  47  10:25  Marauder  
  47  10:34  Marauder, Supply Depot  
  47  10:35  Vulture  
  47  10:39  Marine  
  51  10:47  Vulture  
  51  10:48  Marine  
  55  11:03  Marine  
  55  11:04  Marauder, Vulture  
  55  11:07  Supply Depot  
  57  11:16  Marauder, Vulture  
  57  11:19  Marine  
  62  11:31  Marine  
  62  11:36  Vulture  
  62  11:37  Marauder  
  62  11:38  Supply Depot  
  48  12:08  Supply Depot  
  47  12:28  Marine x2  
  49  12:39  Vulture  
  53  12:41  Marauder x2  
  53  12:42  Factory Reactor  
  53  12:43  Supply Depot  
  57  12:51  Vulture  
  57  12:55  Marine  
  57  12:56  Marine  
  61  13:08  Marauder  
  61  13:09  Marauder  
  65  13:15  Supply Depot  
  63  13:29  Vulture  
  61  13:46  Supply Depot  
  61  14:05  Marine x2  
  61  14:08  Vulture x3  
  69  14:17  Marine  
  69  14:18  Marine  
  71  14:20  Vulture  
  71  14:21  Vulture x2  
  77  14:30  Marine x2  
  77  14:33  Vulture x2  
  83  14:42  Marine x2  
  85  14:55  Marine x2  
  66  15:49  Marine  
  57  15:50  Marine  
  57  15:52  Vulture x3  
  63  16:02  Marine x2  
  63  16:05  Vulture x3  
  71  16:14  Marine  
  71  16:15  Marine  
  71  16:17  Vulture x3  
  77  16:27  Marine x2  
  73  16:39  Marine x2  
  70  16:57  Marine x2  
  70  16:59  Vulture x2  
  72  17:09  Marine x2  
  78  17:12  Vulture x2  
  78  17:13  Factory Tech Lab  
  78  17:17  Concussive Shells  
  84  17:22  Marine x2  
  84  17:23  Terran Infantry Weapons Level 1  
  84  17:25  Vulture  
  86  17:34  Marine x2  
  88  17:46  Marine  
  88  17:47  Marine  
  88  17:49  SCV  
  91  17:51  Supply Depot  
  91  18:06  SCV  
  91  18:09  Armory  
  77  18:23  Supply Depot, Marine x2  
  77  18:26  Siege Tank  
  77  18:27  Vulture x2  
  84  18:35  Marine x2  
  86  18:47  Marine  
  86  18:48  Siege Tank, Marine  
  91  18:51  Barracks  
  91  18:55  Supply Depot  
  91  19:00  Marine x2  
  93  19:10  Siege Tank  
  93  19:12  Marine  
  92  19:27  Supply Depot, Barracks  
  76  19:59  Supply Depot  
  74  20:07  Marine x3  
  77  20:16  Vulture  
  77  20:18  Vulture  
  74  20:20  Marauder x2  
  74  20:30  Supply Depot  
  74  20:35  Marauder x2  
  78  20:50  Marauder x2  
  82  21:01  Supply Depot  
  82  21:05  Marauder x2  
  60  22:14  Marine x3  
  60  22:18  Siege Tank  
  66  22:27  Marauder x2  
  68  22:40  Siege Tank  
  68  22:42  Marauder x2  
  75  22:57  Marauder  
  76  23:03  Siege Tank  
  78  23:25  Siege Tank  
  80  23:35  Marine x4  
  80  23:47  Marine x3  
  80  23:48  Marine  
  145  24:00  Marine x4  
  75  24:12  Marine x4  
  73  24:24  Marine  
  73  24:25  Marine x3  
  72  24:37  Marine x4  
  76  24:49  Marine x2  
  76  24:50  Marine x2  
  80  25:02  Marine x4  
  83  25:14  Marine x2  
  83  25:15  Siege Tank, Marine x2  
  90  25:27  Marine x2  
  94  25:37  Siege Tank, Barracks Tech Lab  
  97  25:40  Barracks Tech Lab  
  97  25:52  Marine  
  157  26:00  Marine  
  97  26:12  Marine  
  98  26:25  Marauder  
  100  26:30  Medic  
  102  26:40  Marauder  
  104  26:54  Medic  
  104  26:58  Marine x2  
  104  26:59  Medic  
  110  27:07  Medic  
Tags
 
Commander
RaynorZeratul
Matchup
Co-op
Replay Pack
Up to May 28th
Add a new tag
Caveats
  • Supply blocks, unpowered buildings, or Contaminate may cause inaccurate times.
  • Supply counts are checked every 10 seconds.